 Dungeon Crawl Stone Soup version 0.28-a0-1159-g27aa881441 (webtiles) character file.

Game seed: 2975598815712355748

7604 lonewolfV2 the Basher (level 10, -8/91 HPs)
             Began as a Deep Dwarf Fighter on Dec 15, 2021.
             Was a High Priest of Okawaru.
             Mangled by an elephant (13 damage)
             ... on level 1 of the Lair of Beasts.
             The game lasted 00:27:42 (8381 turns).

lonewolfV2 the Basher (Deep Dwarf Fighter)          Turns: 8381, Time: 00:27:43

Health: -8/91      AC: 18    Str: 24    XL:     10   Next: 97%
Magic:  0/0        EV: 12    Int:  9    God:    Okawaru [*****.]
Gold:   1335       SH: 12    Dex: 12    Spells: 9/9 levels left

rFire   x . .      SeeInvis .   v - +2 flail (protect)
rCold   + + .      Faith    .   c - +1 buckler
rNeg    . . .      Spirit   .   b - +1 scale mail
rPois   .          Reflect  +   s - +1 helmet
rElec   .          Harm     .   (no cloak)
rCorr   .          Rampage  .   (no gloves)
Will    +....                   (no boots)
Stlth   +.........              t - amulet of reflection
HPRegen 0.00/turn               j - ring of protection from cold
MPRegen 0.07/turn               k - ring of ice

@: lethally poisoned (-8 -> -8), under a protective aura
A: damage resistance, heal wounds, sense surroundings 2, no regeneration
a: Heal Wounds, Renounce Religion, Heroism, Finesse, Duel


You were on level 1 of the Lair of Beasts.
You worshipped Okawaru.
Okawaru was extremely pleased with you.
You visited 3 branches of the dungeon, and saw 11 of its levels.
You also visited: Sewer.

You collected 1335 gold pieces.

Inventory:

Hand Weapons
 a - a +0 war axe
 h - a +2 flail of holy wrath
 r - a +2 vorpal trident
 v - a +2 flail of protection (weapon)
Missiles
 o - 5 silver javelins (quivered)
Armour
 b - a +1 scale mail (worn)
 c - a +1 buckler (worn)
 s - a +1 helmet (worn)
Jewellery
 j - a ring of protection from cold (left hand)
 k - a ring of ice (right hand)
 t - an amulet of reflection (around neck)
Wands
 n - a wand of flame (17)
Scrolls
 e - a scroll of identify
 f - 2 scrolls of silence
 l - 3 scrolls of enchant armour
 u - a scroll of blinking
Potions
 g - 7 potions of brilliance
 m - a potion of magic


   Skills:
 + Level 6.1 Fighting
 + Level 3.9(7.8) Axes
 + Level 9.6(9.9) Maces & Flails
 + Level 8.9 Armour
 + Level 5.5 Dodging
 + Level 2.9 Stealth
 + Level 9.1 Shields
 + Level 1.0 Invocations


You had 9 spell levels left.
You didn't know any spells.
Your spell library contained the following spells:

 Spells                   Type           Power      Damage    Failure   Level
 Apportation              Tloc           0%         N/A       65%         1
 Shock                    Conj/Air       0%         1d3       65%         1
 Corpse Rot               Necr/Air       0%         N/A       78%         2
 Poisonous Vapours        Pois/Air       0%         N/A       78%         2
 Swiftness                Air            0%         N/A       95%         3
 Airstrike                Air            0%         N/A       100%        4
 Fireball                 Conj/Fire      0%         3d3       100%        5
 Iskenderun's Battlesphe  Conj           0%         2d6       100%        5
 Conjure Ball Lightning   Conj/Air       0%         3x3d6     100%        6
 Orb of Destruction       Conj           0%         N/A       100%        7
 Animate Skeleton         Necr           Unusable   N/A       N/A         1
 Summon Small Mammal      Summ           Unusable   N/A       N/A         1

Dungeon Overview and Level Annotations

Branches:
Dungeon (9/15)             Temple (1/1) D:6            Lair (1/6) D:9
  Sewer (visited)
    Orc: D:9-12

Altars:
Ashenzari
Cheibriados
Dithmenos
Elyvilon
Fedhas
Gozag
Hepliaklqana
Kikubaaqudgha
Makhleb
Nemelex Xobeh
Okawaru
Ru
Sif Muna
Trog
Uskayaw
Vehumet
Wu Jian
Xom
Yredelemnul
Zin
The Shining One


Innate Abilities, Weirdness & Mutations

You are resistant to damage.
You can heal yourself by infusing magical energy.
You passively map the area around you.
You do not regenerate.


Message History

You miss the black mamba.
The black mamba is heavily wounded.
The cane toad stings you but does no damage.
The black mamba bites you but does no damage.
You bludgeon the black mamba!!
You kill the black mamba!
Okawaru accepts your kill.
You can now enter into single combat with a foe.
Okawaru will now gift you equipment as you gain piety.
The cane toad closely misses you. The cane toad misses you.
You strike the helpless elephant from behind!
You sock the elephant!
The elephant is moderately wounded.
The elephant barely misses you.
The elephant trunk-slaps you but does no damage.
The cane toad stings you!
* * * LOW HITPOINT WARNING * * *
You are more poisoned.
The cane toad poisons you!
You feel sick. The elephant closely misses you. The elephant barely misses you.
Save game and exit?
Welcome back, lonewolfV2 the Deep Dwarf Fighter.
Okawaru says: Bring me glory in combat!
Press ? for a list of commands and other information.
Your magical effects are unravelling.
You feel magically purged.
You flicker back into view.
You feel a little less mighty now. You block the elephant's attack. x2
You hit the elephant.
The elephant is moderately wounded.
The elephant closely misses you.
The elephant trunk-slaps you but does no damage.
You hit the elephant but do no damage.
The elephant is moderately wounded.
You block the elephant's attack. x2
You barely miss the elephant.
The elephant is moderately wounded.
The elephant tramples you!
You die...

..#..........####........#
### .............#
##..##...# ............##
#.######...# * ...........##
##.# #...# ...........#
#..### *.... * ...........##
##Y..###* ..# ............##
#FYY...# ,.#
............P####Y###.......
* .............##.@##*
#.#.... *
.................#* ##*... ,
* ..................# ,, . ,
..##....}..........# * ,, ##
##.......#...#....# , *
#....#####...#.#... ,, ,
##...# * #..#####.. * , * ,
...#* #...* #. * ** #. ...##
* * *


You could see 4 elephants and a cane toad.

Vanquished Creatures
  3 two-headed ogres
  Maurice (D:8)
  A black mamba (Lair:1)
  2 cane toads (Lair:1)
  A kobold demonologist (D:8)
  A troll (D:7)
  A hornet (D:8)
  A wyvern (D:7)
  6 yaks
  Menkaure (D:4)
  A water moccasin (D:7)
  A sky beast (D:7)
  4 orc warriors
  2 ice beasts
  A black bear (D:4)
  3 ogres
  2 centaurs
  3 wolves (Lair:1)
  2 kobold brigands (D:9)
  Blork the orc (D:4)
  2 bullfrogs (D:7)
  3 scorpions
  A gnoll sergeant (D:9)
  A water moccasin skeleton (D:4)
  3 howler monkeys
  5 hounds
  A centaur skeleton (D:5)
  4 orc priests
  4 orc wizards
  An iguana (D:5)
  A killer bee zombie (D:6)
  2 howler monkey zombies (D:7)
  5 gnolls (D:9)
  8 adders
  A river rat (Sewer)
  2 shadow imps
  4 worms
  17 orcs
  2 bats
  12 endoplasms
  6 giant cockroaches
  5 goblins
  4 hobgoblins
  2 quokkas
  10 ball pythons
  3 frilled lizards
  20 kobolds
  8 rats
175 creatures vanquished.

Vanquished Creatures (others)
  A plant (Lair:1)
1 creature vanquished.

Grand Total: 176 creatures vanquished

Notes
Turn   | Place    | Note
-------+----------+-------------------------------------------
     0 | D:1      | lonewolfV2 the Deep Dwarf Fighter began the quest for the
                  | Orb.
     0 | D:1      | Reached XP level 1. HP: 20/20 MP: 1/1
   250 | D:1      | Reached XP level 2. HP: 27/27 MP: 2/2
  1013 | D:2      | Reached XP level 3. HP: 24/33 MP: 3/3
  1040 | D:2      | Reached skill level 1 in Stealth
  1890 | D:3      | Reached XP level 4. HP: 30/40 MP: 4/4
  1918 | D:3      | Found a faded altar of an unknown god.
  2338 | D:4      | Noticed a scorpion
  2351 | D:4      | Killed a scorpion
  2352 | D:4      | Reached skill level 1 in Maces & Flails
  2352 | D:4      | Reached XP level 5. HP: 32/49 MP: 5/5
  2386 | D:4      | Noticed Blork the orc
  2394 | D:4      | Killed Blork the orc
  2395 | D:4      | Reached skill level 1 in Dodging
  2520 | D:4      | Reached XP level 6. HP: 44/56 MP: 6/6
  2747 | D:4      | Reached skill level 5 in Armour
  2778 | D:4      | Noticed Menkaure
  2781 | D:4      | Killed Menkaure
  2782 | D:4      | Reached XP level 7. HP: 36/62 MP: 7/7
  2837 | D:4      | You fall into a shaft and drop 1 floor!
  2837 | D:5      | Entered Level 5 of the Dungeon
  2979 | D:5      | Found a glowing drain.
  3010 | Sewer    | Entered a sewer
  3567 | D:5      | Reached skill level 5 in Maces & Flails
  3728 | D:5      | Reached XP level 8. HP: 51/72 MP: 7/7
  3919 | D:6      | Found a staircase to the Ecumenical Temple.
  4359 | D:6      | Found a sacrificial altar of Ru.
  4393 | D:6      | Noticed a moth of wrath
  4396 | D:6      | Found a bloodstained altar of Trog.
  4397 | D:6      | Found the +5 scythe "Finisher" {speed, eviscerate}
  4499 | D:6      | Found a glowing golden altar of the Shining One.
  4651 | Temple   | Entered the Ecumenical Temple
  4886 | Temple   | Became a worshipper of Warmaster Okawaru
  5070 | D:7      | Reached skill level 5 in Shields
  5073 | D:7      | Identified a scroll of acquirement
  5073 | D:7      | Acquired 752 gold pieces
  5099 | D:7      | Noticed a troll
  5109 | D:7      | Killed a troll
  5109 | D:7      | Reached * piety under Okawaru
  5239 | D:7      | Gained mutation: You passively map the area around you.
                  | [Deep Dwarf growth]
  5239 | D:7      | Reached XP level 9. HP: 64/79 MP: 7/7
  5280 | D:7      | Found a burning altar of Makhleb.
  5453 | D:7      | Noticed a two-headed ogre
  5469 | D:7      | Killed a two-headed ogre
  5469 | D:7      | Reached ** piety under Okawaru
  5470 | D:7      | Reached skill level 5 in Fighting
  5610 | D:8      | Paralysed by a hornet for 3 turns
  5652 | D:8      | Paralysed by a hornet for 2 turns
  5673 | D:8      | Reached *** piety under Okawaru
  5876 | D:8      | Noticed Maurice
  5891 | D:8      | Noticed a kobold demonologist
  5909 | D:8      | Noticed an orange demon
  5928 | D:8      | Noticed a soul eater
  5931 | D:8      | Killed a kobold demonologist
  5981 | D:8      | Killed Maurice
  5982 | D:8      | Reached XP level 10. HP: 58/88 MP: 4/4
  6081 | D:8      | Found a broken altar of Ashenzari.
  6122 | D:9      | Found a staircase to the Lair.
  6156 | D:9      | Found a radiant altar of Vehumet.
  6282 | D:9      | Noticed a two-headed ogre
  6307 | D:9      | Killed a two-headed ogre
  6307 | D:9      | Reached **** piety under Okawaru
  6308 | D:9      | Reached skill level 1 in Invocations
  6333 | D:9      | Reached skill level 5 in Dodging
  6495 | D:9      | Noticed a two-headed ogre
  6515 | D:9      | Killed a two-headed ogre
  8089 | Lair:1   | Entered Level 1 of the Lair of Beasts
  8151 | Lair:1   | Received a gift from Okawaru
  8249 | Lair:1   | Noticed a cane toad
  8269 | Lair:1   | Killed a cane toad
  8354 | Lair:1   | Noticed a cane toad
  8354 | Lair:1   | Noticed a cane toad
  8354 | Lair:1   | Noticed a black mamba
  8355 | Lair:1   | Noticed an elephant
  8356 | Lair:1   | Noticed an elephant
  8356 | Lair:1   | Noticed an elephant
  8357 | Lair:1   | Noticed an elephant
  8359 | Lair:1   | Killed a cane toad
  8374 | Lair:1   | Killed a black mamba
  8374 | Lair:1   | Reached ***** piety under Okawaru
  8381 | Lair:1   | Mangled by an elephant

Illustrated notes

Levels and vault maps discovered:
D:1:      saegor_arrival_under_anarchy, layout_loops_corners
D:2:      minmay_inner_zag, layout_loops_corners
D:3:      layout_rooms, hellmonk_ecumenical_altar_leap_of_faith
D:4:      layout_basic, uniq_menkaure, uniq_blork_the_orc
D:5:      layout_gridville, gup_sewer_entry_glass
D:6:      layout_basic, tgw_trog, nicolae_ru_path_of_blood, tso_altar,
          minmay_temple_entry_junction
D:7:      layout_basic, lightli_temple_of_fire
D:8:      layout_basic, lemuel_coloured_pillars_altar, uniq_maurice
D:9:      layout_cave_pools, mainiacjoe_overflow_chevrons, lair_entry_dummy,
          solitary_fountain
Temple:   regret_index_temple_waves
Lair:1:   layout_layer_cave, fungi_pond_lemuel, serial_bayou_pond_b,
          grunt_megastairs_5

Skill      XL: |  1  2  3  4  5  6  7  8  9 10 |
---------------+-------------------------------+-----
Stealth        | 1 2 |  2.9
Axes           | 3 |  3.9
Armour         | 4 5 6 7 8 |  8.9
Fighting       | 3 4 5 6 |  6.1
Maces & Flails | 1 2 3 5 7 8 9 |  9.6
Dodging        | 1 2 3 4 5 |  5.5
Shields        | 4 5 7 9 |  9.1
Invocations    | 1 |  1.0

Action                   |  1- 3 |  4- 6 |  7- 9 | 10-12 || total
-------------------------+-------+-------+-------+-------++-------
Melee: War axe           |   110 |       |       |       ||   110
       Flail             |     5 |    91 |   410 |   183 ||   689
Invok: Heroism           |       |       |     5 |     2 ||     7
 Abil: Heal Wounds       |     3 |     2 |    30 |    11 ||    46
  Use: Scroll            |     5 |     4 |     8 |     5 ||    22
       Potion            |       |       |     4 |    14 ||    18
 Stab: Invisible         |       |       |       |     2 ||     2
Armor: Scale mail        |    53 |    40 |   173 |   124 ||   390
Dodge: Dodged            |    44 |    55 |   169 |   155 ||   423
Block: Buckler           |    33 |    35 |   214 |   228 ||   510
       Reflection        |       |       |     3 |     5 ||     8

Table legend: (Time is in decaauts)
 A = Elapsed time spent in this place.
 B = Non-inter-level travel time spent in this place.
 C = Inter-level travel time spent in this place.
 D = Time resting spent in this place.
 E = Time spent auto-exploring this place.
 F = Levels seen in this place.
 G = Mean time per level.
                   A        B        C        D        E       F      G
               +--------+--------+--------+--------+--------+-----+--------+
         Total |   8526 |   8375 |    151 |   1256 |   4461 |  12 |  710.5 |
       Dungeon |   7503 |   7352 |    151 |   1239 |   4134 |   9 |  833.7 |
        Temple |    272 |    272 |      0 |      0 |     48 |   1 |  272.0 |
          Lair |    285 |    285 |      0 |     17 |    113 |   1 |  285.0 |
         Sewer |    464 |    464 |      0 |      0 |    166 |   1 |  464.0 |
               +--------+--------+--------+--------+--------+-----+--------+

Top non-repeatable levels by time:
     D:8: 1760 daAuts
     D:1: 932 daAuts
     D:2: 856 daAuts
     D:6: 787 daAuts
     D:9: 702 daAuts
     D:5: 691 daAuts
     D:7: 656 daAuts
     D:4: 593 daAuts
     D:3: 522 daAuts
   Sewer: 464 daAuts
  Lair:1: 285 daAuts
  Temple: 272 daAuts
